 Dungeon Crawl Stone Soup version 0.18-a0-721-g8fc53f4 (webtiles) character file.

293509 Raultor the Severer (level 21, -3/171 HPs)
             Began as a Formicid Fighter on Dec 7, 2015.
             Was the Champion of Zin.
             Killed from afar by a starcursed mass (13 damage)
             ... with an accursed screaming
             ... on level 4 of the Abyss on Dec 8, 2015.
             The game lasted 03:55:38 (39169 turns).

Raultor the Severer (Formicid Fighter)             Turns: 39169, Time: 03:55:39

Health: -3/171     AC: 24    Str: 34    XL:     21   Next: 72%
Magic:  30/30      EV: 18    Int: 12    God:    Zin [******]
Gold:   2129       SH: 23    Dex: 18    Spells: 2 memorised, 15 levels left

rFire  + . .     SeeInvis +     b - +2 executioner's axe (elec)
rCold  . . .     Clarity  .     N - quicksilver dragon armour {MR+}
rNeg   . . .     SustAt   .     Q - +0 large shield
rPois  ∞         Gourm    .     (helmet unavailable)
rElec  .         Spirit   .     F - +1 cloak {+Inv}
rCorr  .         Dismiss  .     B - +2 pair of gloves {Str+3}
rMut   .         Stasis   +     r - +2 pair of boots {Fly}
MR     ++++.                    m - amulet of regeneration {+regen, !d}
Stlth  +.........               Z - ring of protection from fire {rF+, !d}
                                U - ring of protection from magic {MR+, !d}

@: vitalised, flying, very slightly contaminated, invisible, incredibly
resistant to hostile enchantments, very unstealthy
A: permanent stasis, dig shafts and tunnels, four strong arms, antennae 3
a: Dig, Shaft Self, Recite, Vitalisation, Imprison, Sanctuary, Donate Gold, Cure
All Mutations, Renounce Religion, Stop Flying
}: 2/15 runes: serpentine, barnacled


You were on level 4 of the Abyss.
You worshipped Zin.
Zin was exalted by your worship.
You were very hungry.

You visited 7 branches of the dungeon, and saw 36 of its levels.
You visited the Abyss 1 time.
You also visited: Bailey.

You collected 4675 gold pieces.
You spent 2214 gold pieces at shops.
You donated 332 gold pieces to Zin.

Inventory:

Hand Weapons
 a - a +1 battleaxe of flaming
   (You found it on level 8 of the Lair of Beasts)
 b - a +2 executioner's axe of electrocution (weapon)
   (You acquired it on level 2 of the Lair of Beasts)
Missiles
 T - a throwing net {=f, !d}
 Y - 17 steel javelins (quivered)
Armour
 r - a +2 pair of boots of flying (worn)
   (You found it on level 3 of the Dungeon)
 w - the +1 scale mail "Aleih" {rElec rC+ Dex+4}
   (You found it on level 4 of the Snake Pit)

   It affects your dexterity (+4).
   It protects you from cold.
   It insulates you from electricity.
 B - a +2 pair of gloves of strength (worn)
   (You acquired it on level 4 of the Orcish Mines)
 F - a +1 cloak of invisibility (worn)
   (You found it on level 2 of the Snake Pit)
 N - a quicksilver dragon armour (worn) {MR+}
   (You found it on level 8 of the Lair of Beasts)
 Q - a +0 large shield (worn)
   (You took it off Louise on level 1 of the Shoals)
Rods
 E - a +2 rod of the swarm (11/11) {!a}
   (You bought it in a shop on level 4 of the Orcish Mines)
Jewellery
 m - an amulet of regeneration (around neck) {+regen, !d}
   (You found it on level 3 of the Dungeon)
 z - an uncursed ring of protection from magic {MR+, !d}
   (You found it on level 1 of the Elven Halls)
 C - an uncursed ring of wizardry {Wiz+, !d}
   (You took it off an orc on level 9 of the Dungeon)
 H - an uncursed ring of ice {rC+, rF-}
   (You found it on level 8 of the Dungeon)
 O - an uncursed ring of protection from cold {unknown}
   (You found it on level 4 of the Abyss)
 U - a ring of protection from magic (left hand) {MR+, !d}
   (You bought it in a shop on level 4 of the Orcish Mines)
 Z - a ring of protection from fire (right hand) {rF+, !d}
   (You found it on level 2 of the Elven Halls)
Wands
 k - a wand of cold (9)
   (You found it on level 2 of the Lair of Beasts)
 l - a wand of disintegration (12)
   (You found it on level 4 of the Shoals)
 o - a wand of fire (2)
   (You found it on level 1 of the Snake Pit)
 p - a wand of confusion (2)
   (You took it off an orc on level 3 of the Elven Halls)
 t - a wand of lightning (4)
   (You found it on level 7 of the Lair of Beasts)
 A - a wand of cold (7)
   (You found it on level 6 of the Dungeon)
 J - a wand of invisibility (0)
   (You found it on level 8 of the Dungeon)
 L - a wand of fire (4)
   (You found it on level 1 of the Snake Pit)
Scrolls
 d - 8 scrolls of remove curse
 f - 8 scrolls of identify
 h - 5 scrolls of magic mapping {!r}
 i - 3 scrolls of fear
 s - 5 scrolls of enchant weapon
 v - 2 scrolls of amnesia
 x - 7 scrolls of enchant armour
 D - 4 scrolls of recharging
 G - a scroll of silence
 K - 2 scrolls of summoning
Potions
 j - 11 potions of curing
 n - 10 potions of agility
 q - 3 potions of invisibility
 u - a potion of brilliance
 W - 3 potions of might
 X - a potion of magic
Miscellaneous
 c - a sack of spiders {used: 4}
   (You found it on level 4 of the Shoals)
 y - 2 phantom mirrors
 I - a fan of gales
   (You found it on level 8 of the Lair of Beasts)
 M - a stone of tremors
   (You found it on level 4 of the Shoals)
 R - a phial of floods
   (You found it on level 10 of the Dungeon)
 S - a lamp of fire
   (You found it on level 3 of the Lair of Beasts)
Comestibles
 e - 10 bread rations {@e1}
 g - 13 meat rations {@e2}
 P - 29 fruits


   Skills:
 + Level 16.1 Fighting
 + Level 19.8 Axes
 + Level 14.3 Armour
 + Level 8.7 Dodging
 - Level 15.5 Shields
 - Level 9.7 Charms
 - Level 12.0 Invocations
 + Level 12.3 Evocations


You had 15 spell levels left.
You knew the following spells:

 Your Spells              Type           Power        Failure   Level  Hunger
c - Conjure Flame         Conj/Fire      #.......     94%         3    ####...
d - Repel Missiles        Chrm/Air       ##....       12%         2    ###....


Dungeon Overview and Level Annotations

Branches:
Dungeon (12/15)            Temple (1/1) D:7            Lair (8/8) D:10
 Shoals (4/4) Lair:4        Snake (4/4) Lair:5        Slime (0/6) Lair:6
    Orc (4/4) D:9             Elf (3/3) Orc:4

Altars:
Ashenzari
Cheibriados
Dithmenos
Elyvilon
Fedhas
Gozag
Kikubaaqudgha
Makhleb
Okawaru
Pakellas
Qazlal
Ru
Sif Muna
Trog
Xom
Yredelemnul
Zin
The Shining One
Beogh
Jiyva

Shops:
D:12 %   Orc:1 ?   Orc:4 ?:*!   Shoals:2 *   Shoals:4 *   Snake:2 ?

Annotations:
D:4 1 runed door
Lair:3 exclusion: oklob plant


Innate Abilities, Weirdness & Mutations

You are under a permanent stasis effect.
You can dig through walls and to a lower floor.
Your four strong arms can wield two-handed weapons with a shield.
You have a pair of large antennae on your head (SInv).


Message History

The shadow imp shaped pillar of salt crumbles away.
The thrashing horror churns violently!
The thrashing horror seems to grow stronger.
You block the thrashing horror's attack.
The thrashing horror tramples you but does no damage.
The neqoxec closely misses you.
You closely miss the thrashing horror. You slice the neqoxec!!
You kill the neqoxec!
Zin accepts your kill.
The quasit disappears in a puff of smoke!
The shadow imp disappears in a puff of smoke!
The thrashing horror misses you. The thrashing horror barely misses you.
A tentacled starspawn and an apocalypse crab come into view.
MP restored: 30 You closely miss the large abomination.
You hit the large abomination.
The large abomination closely misses you.
A chaos spawn comes into view.
You cut the large abomination into ribbons!!!
You destroy the large abomination!
Zin accepts your kill.
You slice the chaos spawn!!
There is a sudden explosion of sparks!
You kill the chaos spawn!
Zin accepts your kill.
The chaos spawn degenerates into a cloud of primal chaos!
You block the thrashing horror's attack. x2
Tentacles burst from the starspawn's body! 2 starspawn tentacles come into view.
Really fly into that cloud of seething chaos?
Okay, then.
The thrashing horror roars!
You block the thrashing horror's attack. x2
You cut the thrashing horror into ribbons!!!
You destroy the thrashing horror!
You slice the starspawn tentacle!!
You hit the apocalypse crab but do no damage.
You are feeling very hungry.
You block the apocalypse crab's attack. x2
You block the starspawn tentacle's attack.
You slice the starspawn tentacle!!
You destroy the starspawn tentacle!
You slash the apocalypse crab!
There is a sudden explosion of sparks!
You block the apocalypse crab's attack. x2
A starcursed mass comes into view.
A starcursed mass splits.
You block the tentacled starspawn's attack.
The tentacled starspawn barely misses you.
A wraith comes into view.
The tentacled starspawn completely misses you.
You block the tentacled starspawn's attack.
You block the tentacled starspawn's attack.
The tentacled starspawn engulfs you.
* * * LOW HITPOINT WARNING * * *
You take 5 damage, and have 31/171 hp.
A small abomination comes into view.
Tentacles burst from the starspawn's body!
The small abomination moves out of view. 2 starspawn tentacles come into view.
You hit the apocalypse crab.
There is a sudden explosion of sparks!
You have got your breath back.
You block the starspawn tentacle's attack.
You slash the starspawn tentacle! You slice the tentacled starspawn!!
A chorus of shrieks assaults your mind.
* * * LOW HITPOINT WARNING * * *
You block the starspawn tentacle's attack.
You take 8 damage, and have 24/171 hp.
You hit the starspawn tentacle but do no damage.
You slice the tentacled starspawn!! The tentacled starspawn misses you.
You block the tentacled starspawn's attack.
A chorus of shrieks assaults your mind.
* * * LOW HITPOINT WARNING * * *
You block the starspawn tentacle's attack.
You take 5 damage, and have 19/171 hp.
You slash the starspawn tentacle!
There is a sudden explosion of sparks!
You destroy the starspawn tentacle!
You barely miss the tentacled starspawn.
You destroy the tentacled starspawn!
The starspawn's tentacles wither and die.
A starcursed mass splits.
A chorus of shrieks assaults your mind.
* * * LOW HITPOINT WARNING * * *
A starcursed mass splits.
You take 8 damage, and have 11/171 hp.
You slice the apocalypse crab!!
You kill the apocalypse crab!
Zin accepts your kill. A chorus of shrieks assaults your mind.
* * * LOW HITPOINT WARNING * * *
You take 4 damage, and have 7/171 hp.
A chorus of shrieks assaults your mind.
* * * LOW HITPOINT WARNING * * *
You take 4 damage, and have 3/171 hp.
Okay, then.
Drink which item? (? for menu, Esc to quit)
You fade into invisibility!
You are very lightly contaminated with residual magic.
Drink which item? (? for menu, Esc to quit)
You feel better. A chorus of shrieks assaults your mind.
You die...

. ..XX.##### ##.#
##...#.###..# ..
#.#..##.#...#.# #
.#.#.....#.#....#
... .
#...#.X..##.# # .
. .. .#X#.#.#.# #
. .##{#W# X.## .
## ##≈.#X#X#.#
..#.≈..@≈#....
#≈≈≈≈..♣.#≈..#..
#≈≈##≈≈≈≈♣♣≈.≈≈..
.#. ##≈##. .#.
#.# ## ##.... ..
. # # .. # .? ..
. ...#. # . ##. .
.#


You could see 4 starcursed masses and a wraith.

Vanquished Creatures
  Saint Roka (Elf:3)
  A bone dragon (Abyss:4)
  Jorgrun (Shoals:3)
  Rupert (Snake:1)
  Asterion (Snake:1)
  The ghost of George the Executioner, an adept HOGl of Qazlal (Shoals:3)
  The ghost of chonchonts the Warrior, an adept MiFi of Gozag (Elf:3)
  2 deep elf blademasters (Elf:3)
  A deep elf master archer (Elf:3)
  Polyphemus (Shoals:2)
  2 krakens
  2 tentacled starspawn (Abyss:4)
  The ghost of 4thArraOfDagon the Executioner, an adept HOFi of the Shining One (Elf:3)
  7 greater nagas
  Ilsuiw (Shoals:4)
  Wiglaf (Elf:2)
  5 deep elf sorcerers
  Maud (D:12)
  Aizul (Snake:1)
  3 orc warlords
  Louise (Shoals:1)
  4 deep elf demonologists
  8 deep elf annihilators
  The ghost of nago the Grand Gadgeteer, a journeyman VSAr of Pakellas (Lair:6)
  3 deep elf death magi
  4 merfolk javelineers
  9 merfolk impalers
  Josephine (Lair:4)
  4 hydras
  Harold (Lair:4)
  23 naga warriors
  4 merfolk avatars
  4 catoblepae
  20 anacondas
  An alligator snapping turtle (Shoals:4)
  3 merfolk aquamancers
  17 dancing weapons (Elf:2)
  The ghost of nago the Pioneer, a journeyman VSAr of Pakellas (D:10)
  22 death yaks
  4 shock serpents
  4 thrashing horrors (Abyss:4)
  Urug (Orc:1)
  11 naga sharpshooters
  An orc high priest (Orc:4)
  Nergalle (Lair:2)
  17 deep elf knights
  2 salamander mystics
  A giant orange brain (Abyss:4)
  A fire crab (Lair:8)
  25 sea snakes
  10 naga ritualists
  2 hill giants (D:10)
  8 deep elf summoners
  2 orc knights
  4 cyclopes
  20 orc sorcerers
  10 deep elf conjurers
  9 griffons
  14 salamanders
  5 manticores
  12 mana vipers
  5 water nymphs
  13 guardian serpents
  19 harpies
  2 fauns
  11 elephants
  2 worldbinders (Abyss:4)
  Maurice (D:12)
  18 naga magi
  A smoke demon (Abyss:4)
  31 black mambas
  8 sirens
  A fire giant skeleton (Abyss:4)
  An apocalypse crab (Abyss:4)
  A gargoyle (D:10)
  10 spiny frogs
  A centaur skeleton (D:12)
  2 torpor snails
  A kobold demonologist (D:12)
  9 deep elf priests
  5 komodo dragons
  3 trolls
  A freezing wraith (Abyss:4)
  2 polar bears (Lair:7)
  2 small abominations
  28 merfolk
  3 raiju (Abyss:4)
  A two-headed ogre (D:9)
  29 blink frogs
  8 snapping turtles
  4 slime creatures (D:12)
  Prince Ribbit (D:5)
  A hornet zombie (D:12)
  22 deep elf magi
  10 water elementals
  4 wraiths (Lair:4)
  A large abomination (Abyss:4)
  2 vampire mosquitoes (D:12)
  23 deep elf fighters
  A chaos spawn (Abyss:4)
  8 hippogriffs
  78 yaks
  Grum (D:8)
  20 wolves
  Menkaure (D:5)
  3 basilisks
  9 wargs
  A neqoxec (Abyss:4)
  58 nagas
  2 soldier ants
  10 water moccasins
  4 sky beasts
  3 wasps
  43 orc warriors
  A swamp drake (Orc:2)
  5 ice beasts
  2 black bears
  8 porcupines
  2 necrophages
  17 ogres
  10 centaurs
  16 crocodiles
  5 big kobolds
  Blork the orc (D:4)
  A gnoll sergeant (D:7)
  19 giant frogs
  A wyvern skeleton (D:6)
  A scorpion (D:10)
  17 wights
  23 killer bees
  An electric eel (D:9)
  A centaur zombie (D:10)
  A quasit (Abyss:4)
  6 crimson imps
  A giant frog zombie (D:12)
  21 orc priests
  6 hounds
  4 jellies
  57 orc wizards
  8 hell rats
  6 iguanas
  An iron imp (Orc:2)
  11 sheep
  8 worker ants
  2 hound zombies
  2 hound skeletons
  A worker ant zombie (D:7)
  18 adders
  10 gnolls
  38 river rats
  5 shadow imps
  A white imp (Orc:2)
  2 oozes
  2 adder zombies (D:7)
  4 worms
  2 adder skeletons
  9 giant geckos
  253 orcs
  4 giant cockroaches
  10 goblins
  5 hobgoblins
  3 jackals (D:5)
  45 kobolds
  8 quokkas
  2 ball pythons (Snake:1)
  11 bats
  8 giant newts
  A quokka zombie (D:6)
  19 rats
  A butterfly (Lair:5)
  12 fungi
  A lurking horror (Abyss:4)
  30 plants
  4 starspawn tentacles (Abyss:4)
  4 tentacles
  A tentacle segment (Shoals:1)
1638 creatures vanquished.

Vanquished Creatures (collateral kills)
  A merfolk impaler (Shoals:4)
  A naga warrior (Snake:4)
  A hydra (Lair:3)
  An anaconda (Snake:1)
  A merfolk avatar (Shoals:4)
  A dancing weapon (Elf:2)
  A deep elf knight (Elf:2)
  A deep elf summoner (Elf:2)
  A deep elf conjurer (Elf:2)
  2 black mambas (Snake:1)
  2 salamanders (Snake:1)
  A guardian serpent (Snake:1)
  A manticore (Shoals:4)
  A deep elf priest (Elf:2)
  A deep elf mage (Elf:2)
  A deep elf fighter (Elf:2)
  2 nagas
  2 crocodiles (Lair:3)
22 creatures vanquished.

Vanquished Creatures (others)
  A naga (Snake:4)
  3 orc wizards
  4 orcs
  11 fungi
  2 pillars of salt
  22 plants
  4 starspawn tentacles (Abyss:4)
  38 starspawn tentacle segments (Abyss:4)
  18 tentacles
  754 tentacle segments
857 creatures vanquished.

Grand Total: 2517 creatures vanquished

Notes
Turn   | Place    | Note
--------------------------------------------------------------
     0 | D:1      | Raultor the Formicid Fighter began the quest for the Orb.
     0 | D:1      | Reached XP level 1. HP: 18/18 MP: 1/1
   207 | D:1      | Reached XP level 2. HP: 22/24 MP: 2/2
   266 | D:1      | Reached skill level 4 in Shields
   590 | D:2      | Reached XP level 3. HP: 21/29 MP: 3/3
  1050 | D:2      | Reached XP level 4. HP: 36/36 MP: 4/4
  1105 | D:2      | Reached skill level 3 in Axes
  1611 | D:3      | Reached XP level 5. HP: 42/42 MP: 5/5
  1616 | D:3      | Reached skill level 4 in Fighting
  1726 | D:3      | Noticed a centaur
  1738 | D:3      | Killed a centaur
  1738 | D:3      | Reached skill level 4 in Axes
  1738 | D:3      | Reached skill level 4 in Armour
  1738 | D:3      | Reached XP level 6. HP: 43/48 MP: 6/6
  1804 | D:3      | Found a bloodstained altar of Trog.
  1805 | D:3      | Found a blossoming altar of Fedhas.
  1830 | D:3      | Reached skill level 5 in Shields
  1954 | D:3      | You are sucked into a shaft for 2 floors!
  1954 | D:5      | Entered Level 5 of the Dungeon
  2077 | D:5      | Reached XP level 7. HP: 55/55 MP: 7/7
  2171 | D:5      | Reached skill level 5 in Axes
  2316 | D:5      | Reached skill level 5 in Fighting
  2326 | D:5      | Noticed Menkaure
  2344 | D:5      | Noticed Prince Ribbit
  2359 | D:5      | You are sucked into a shaft for 2 floors!
  2363 | D:7      | Found an oddly glowing altar of Pakellas.
  2374 | D:7      | Reached skill level 5 in Armour
  2374 | D:7      | Reached XP level 8. HP: 39/62 MP: 8/8
  2496 | D:7      | Reached skill level 6 in Axes
  2496 | D:7      | Reached skill level 6 in Shields
  2573 | D:7      | Found a staircase to the Ecumenical Temple.
  2582 | Temple   | Entered the Ecumenical Temple
  2621 | Temple   | Became a worshipper of Zin the Law-Giver
  2621 | Temple   | Reached * piety under Zin
  3006 | D:6      | Reached skill level 1 in Invocations
  3009 | D:6      | Reached ** piety under Zin
  3153 | D:6      | Reached XP level 9. HP: 67/69 MP: 10/10
  3294 | D:5      | Killed Menkaure
  3294 | D:5      | Reached skill level 6 in Fighting
  3294 | D:5      | Reached skill level 7 in Axes
  3294 | D:5      | Reached skill level 6 in Armour
  3294 | D:5      | Reached skill level 2 in Invocations
  3368 | D:4      | Noticed Blork the orc
  3389 | D:4      | Killed Blork the orc
  3459 | D:4      | Reached skill level 7 in Shields
  3656 | D:4      | Found a runed door.
  3662 | D:4      | Found a basalt altar of Yredelemnul.
  4052 | D:5      | Found a burning altar of Makhleb.
  4312 | D:5      | Killed Prince Ribbit
  4312 | D:5      | Reached skill level 3 in Invocations
  4791 | D:7      | Reached skill level 8 in Axes
  4930 | D:7      | Reached skill level 4 in Invocations
  5160 | D:7      | Reached XP level 10. HP: 77/77 MP: 13/13
  5260 | D:7      | Reached skill level 7 in Armour
  5261 | D:7      | HP: 19/77 [killer bee (7)]
  5285 | D:7      | HP: 14/77 [ice beast (11)]
  5290 | D:7      | Reached skill level 7 in Fighting
  5389 | D:8      | Noticed Grum
  5429 | D:8      | Killed Grum
  5429 | D:8      | Reached skill level 9 in Axes
  5429 | D:8      | Reached skill level 8 in Shields
  5429 | D:8      | Reached skill level 5 in Invocations
  5531 | D:8      | Reached *** piety under Zin
  6026 | D:8      | HP: 14/80 [yak (12)]
  6034 | D:8      | HP: 9/80 [yak (10)]
  6220 | D:8      | Found an opulent altar of Gozag.
  6533 | D:9      | Reached XP level 11. HP: 86/86 MP: 15/15
  6548 | D:9      | Reached skill level 8 in Armour
  6553 | D:9      | Reached skill level 6 in Invocations
  6645 | D:9      | Found a sacrificial altar of Ru.
  6680 | D:9      | Reached skill level 10 in Axes
  6762 | D:9      | Reached skill level 8 in Fighting
  6884 | D:9      | Found a deep blue altar of Sif Muna.
  6893 | D:9      | Found a shadowy altar of Dithmenos.
  6894 | D:9      | Found an iron altar of Okawaru.
  6946 | D:9      | Reached skill level 9 in Shields
  7002 | D:9      | Found a staircase to the Orcish Mines.
  7126 | D:9      | HP: 14/86 [electric eel/bolt of electricity (13)]
  7126 | D:9      | Zin protects you from harm!
  7294 | D:9      | Reached **** piety under Zin
  7685 | D:10     | Entered Level 10 of the Dungeon
  7730 | D:10     | Noticed a hill giant
  7743 | D:10     | HP: 8/87 [hill giant/giant club (30)]
  7744 | D:10     | Killed a hill giant
  7889 | D:10     | Noticed nago's ghost (journeyman VSAr)
  7904 | D:10     | Killed nago's ghost
  7904 | D:10     | Reached skill level 7 in Invocations
  7904 | D:10     | Reached skill level 1 in Evocations
  8000 | D:10     | Noticed a hill giant
  8010 | D:10     | Killed a hill giant
  8010 | D:10     | Reached skill level 11 in Axes
  8085 | D:10     | Reached skill level 2 in Evocations
  8202 | D:10     | Reached skill level 9 in Fighting
  8246 | D:10     | Reached skill level 9 in Armour
  8382 | D:10     | Reached XP level 12. HP: 88/95 MP: 17/17
  8701 | D:10     | Found a staircase to the Lair.
  8872 | D:11     | Reached ***** piety under Zin
  9211 | D:11     | Reached skill level 3 in Evocations
  9711 | D:12     | Found Xinysk Kydai's Food Boutique.
  9741 | D:12     | Noticed Maud
  9773 | D:12     | Reached skill level 8 in Invocations
  9807 | D:12     | Noticed Maurice
  9964 | D:12     | Killed Maurice
 10035 | D:12     | Found a flagged portal.
 10046 | Bailey   | Entered a bailey
 10248 | Bailey   | Reached ****** piety under Zin
 10554 | D:12     | Killed Maud
 10554 | D:12     | Reached skill level 4 in Evocations
 10752 | D:12     | Reached skill level 12 in Axes
 10989 | D:12     | Reached skill level 10 in Fighting
 11406 | Lair:1   | Entered Level 1 of the Lair of Beasts
 11510 | Lair:1   | Reached XP level 13. HP: 95/103 MP: 19/19
 11607 | Lair:1   | Reached skill level 9 in Invocations
 11661 | Lair:1   | Reached skill level 10 in Armour
 11757 | Lair:1   | Reached skill level 5 in Evocations
 12423 | Lair:2   | Identified a scroll of acquirement
 12555 | Lair:2   | HP: 26/104 [poisoned by a black mamba]
 12560 | Lair:2   | HP: 25/104 [poisoned by a black mamba]
 12565 | Lair:2   | HP: 24/104 [poisoned by a black mamba]
 12570 | Lair:2   | HP: 24/104 [poisoned by a black mamba]
 12575 | Lair:2   | HP: 26/104 [poisoned by a black mamba]
 12706 | Lair:2   | Noticed Nergalle
 12715 | Lair:2   | Killed Nergalle
 12715 | Lair:2   | Reached skill level 6 in Evocations
 12859 | Lair:2   | Reached skill level 13 in Axes
 14736 | Lair:4   | Reached skill level 10 in Invocations
 14892 | Lair:4   | Noticed Josephine
 14913 | Lair:4   | Reached XP level 14. HP: 96/111 MP: 21/21
 14921 | Lair:4   | Killed Josephine
 14921 | Lair:4   | Reached skill level 11 in Armour
 14926 | Lair:4   | Reached skill level 7 in Evocations
 14934 | Lair:4   | Reached skill level 11 in Fighting
 15036 | Lair:4   | Noticed Harold
 15050 | Lair:4   | Killed Harold
 15326 | Lair:4   | Found a staircase to the Shoals.
 15519 | Lair:5   | Found a staircase to the Snake Pit.
 15645 | Lair:5   | Reached skill level 14 in Axes
 16267 | Lair:5   | Reached skill level 11 in Invocations
 16581 | Lair:6   | Reached skill level 8 in Evocations
 16631 | Lair:6   | Noticed nago's ghost (journeyman VSAr)
 16664 | Lair:6   | Killed nago's ghost
 16937 | Lair:6   | Learned a level 3 spell: Ozocubu's Armour
 16952 | Lair:6   | Found a runed door.
 17002 | Lair:6   | Found a viscous altar of Jiyva.
 17003 | Lair:6   | Found a staircase to the Slime Pits.
 17395 | Lair:7   | Reached skill level 1 in Dodging
 17400 | Lair:7   | Reached XP level 15. HP: 117/120 MP: 23/23
 17633 | Lair:7   | Reached skill level 12 in Fighting
 18021 | Lair:7   | Reached skill level 12 in Armour
 18196 | Lair:8   | Entered Level 8 of the Lair of Beasts
 18290 | Lair:8   | Reached skill level 15 in Axes
 18437 | Lair:8   | Reached skill level 2 in Dodging
 18811 | Lair:8   | Reached skill level 9 in Evocations
 19054 | Lair:8   | Reached skill level 3 in Dodging
 19376 | Lair:8   | Reached skill level 13 in Fighting
 19953 | Orc:1    | Entered Level 1 of the Orcish Mines
 20072 | Orc:1    | Found Hioqih's Magic Scroll Shoppe.
 20132 | Orc:1    | Bought a scroll of identify for 24 gold pieces
 20132 | Orc:1    | Bought a scroll of remove curse for 36 gold pieces
 20132 | Orc:1    | Bought a scroll of fear for 42 gold pieces
 20132 | Orc:1    | Bought a scroll of identify for 24 gold pieces
 20468 | Orc:2    | Reached XP level 16. HP: 126/130 MP: 24/24
 20761 | Orc:2    | Learned a level 2 spell: Repel Missiles
 20765 | Orc:2    | Learned a level 3 spell: Conjure Flame
 20855 | Orc:1    | Noticed Urug
 20862 | Orc:1    | Killed Urug
 21685 | Orc:4    | Entered Level 4 of the Orcish Mines
 21783 | Orc:4    | Reached skill level 4 in Dodging
 22035 | Orc:4    | Found Reamp's Distillery.
 22035 | Orc:4    | Found Hehoosi's Assorted Antiques.
 22045 | Orc:4    | Reached skill level 10 in Evocations
 22092 | Orc:4    | Found a roughly hewn altar of Beogh.
 22123 | Orc:4    | Bought a crooked jewelled rod for 396 gold pieces
 22123 | Orc:4    | Identified a +2 rod of the swarm (11/11) (You bought it in a shop on level 4 of the Orcish Mines)
 22135 | Orc:4    | Bought a potion of might for 44 gold pieces
 22135 | Orc:4    | Bought a potion of might for 44 gold pieces
 22135 | Orc:4    | Bought a potion of invisibility for 88 gold pieces
 22135 | Orc:4    | Bought a potion of heal wounds for 55 gold pieces
 22135 | Orc:4    | Bought a potion of mutation for 27 gold pieces
 22151 | Orc:4    | Bought a notched agate ring for 165 gold pieces
 22151 | Orc:4    | Bought a small coral ring for 165 gold pieces
 22320 | Orc:4    | Reached skill level 16 in Axes
 22454 | Orc:4    | Found a staircase to the Elven Halls.
 22754 | Orc:4    | Found Ubol's Book Shoppe.
 22754 | Orc:4    | Found Pipoin's Magic Scroll Shop.
 22771 | Orc:4    | Bought a scroll of recharging for 152 gold pieces
 22771 | Orc:4    | Bought a scroll of enchant armour for 120 gold pieces
 22771 | Orc:4    | Bought a scroll of acquirement for 832 gold pieces
 23149 | Shoals:1 | Entered Level 1 of the Shoals
 23250 | Shoals:1 | Reached skill level 1 in Charms
 23392 | Shoals:1 | Noticed Louise
 23407 | Shoals:1 | Killed Louise
 23407 | Shoals:1 | Reached skill level 2 in Charms
 23438 | Shoals:1 | Reached skill level 3 in Charms
 23500 | Shoals:1 | Reached skill level 4 in Charms
 23641 | Shoals:1 | HP: 22/132 [water nymph/the raging water (34)]
 23664 | Shoals:1 | HP: 24/132 [drowned by a drowned soul[a merfolk avatar] (15)]
 23664 | Shoals:1 | HP: 7/132 [drowned by a drowned soul[a merfolk avatar] (17)]
 23669 | Shoals:1 | HP: 17/132 [drowned by a drowned soul[a merfolk avatar] (11)]
 23846 | Shoals:1 | Reached skill level 5 in Charms
 24129 | Shoals:1 | Found a shimmering altar of Xom.
 24134 | Shoals:1 | Noticed a kraken
 24174 | Shoals:1 | Killed a kraken
 24293 | Shoals:2 | Noticed a kraken
 24330 | Shoals:2 | Killed a kraken
 24330 | Shoals:2 | Reached skill level 6 in Charms
 24483 | Shoals:2 | Reached XP level 17. HP: 110/138 MP: 25/25
 24624 | Shoals:2 | Reached skill level 7 in Charms
 24629 | Shoals:2 | Found Xaseyfroy's Assorted Antiques.
 24674 | Shoals:2 | Noticed Polyphemus
 25117 | Shoals:2 | Reached skill level 8 in Charms
 25124 | Shoals:2 | Killed Polyphemus
 25319 | Shoals:2 | Reached skill level 9 in Charms
 25420 | Shoals:2 | Reached skill level 14 in Fighting
 25718 | Shoals:3 | Noticed Jorgrun
 25739 | Shoals:3 | Killed Jorgrun
 26008 | Shoals:3 | Reached skill level 5 in Dodging
 26220 | Shoals:3 | Noticed George's ghost (adept HOGl)
 26251 | Shoals:3 | Killed George's ghost
 26562 | Shoals:4 | Entered Level 4 of the Shoals
 26569 | Shoals:4 | Noticed Ilsuiw
 26581 | Shoals:3 | HP: 34/140 [merfolk impaler/trident (15)]
 26584 | Shoals:3 | HP: 16/140 [merfolk impaler/trident (2)]
 26990 | Shoals:4 | Killed Ilsuiw
 26990 | Shoals:4 | HP: 30/140 [merfolk impaler/trident of venom (14)]
 27190 | Shoals:4 | Got a slimy buckler
 27201 | Shoals:4 | Identified the +3 buckler "Inle" {MR- Regen+ rCorr Int+3} (You found it on level 4 of the Shoals)
 27245 | Shoals:4 | Reached skill level 6 in Dodging
 27269 | Shoals:4 | Reached XP level 18. HP: 91/147 MP: 26/26
 27485 | Shoals:4 | HP: 32/147 [merfolk javelineer/javelin of returning (12)]
 28162 | Shoals:4 | Found Bemnaan's Assorted Antiques.
 28216 | Shoals:4 | Got a barnacled rune of Zot
 28296 | Shoals:4 | Reached skill level 12 in Invocations
 28707 | Snake:1  | Entered Level 1 of the Snake Pit
 28784 | Snake:1  | Noticed Aizul
 28799 | Snake:1  | Killed Aizul
 28832 | Snake:1  | Noticed Rupert
 28839 | Snake:1  | Killed Rupert
 29063 | Snake:1  | Reached skill level 10 in Shields
 29088 | Snake:1  | Noticed Asterion
 29115 | Snake:1  | HP: 32/148 [Asterion/demon whip of draining (10)]
 29117 | Snake:1  | Killed Asterion
 29117 | Snake:1  | Reached skill level 17 in Axes
 29433 | Snake:1  | Reached skill level 11 in Shields
 30678 | Snake:2  | Reached skill level 12 in Shields
 30685 | Snake:2  | Reached XP level 19. HP: 121/154 MP: 28/28
 30958 | Snake:2  | Found Winaj's Magic Scroll Shoppe.
 31701 | Snake:3  | Reached skill level 18 in Axes
 31836 | Snake:3  | Reached skill level 13 in Shields
 32219 | Snake:4  | Entered Level 4 of the Snake Pit
 32416 | Snake:4  | Reached skill level 14 in Shields
 33229 | Snake:4  | Got an encrusted scale mail
 33240 | Snake:4  | Identified the +1 scale mail "Aleih" {rElec rC+ Dex+4} (You found it on level 4 of the Snake Pit)
 33432 | Snake:4  | Reached XP level 20. HP: 144/161 MP: 29/29
 33468 | Snake:4  | Reached skill level 19 in Axes
 33477 | Snake:4  | Reached skill level 15 in Shields
 33903 | Snake:4  | Got a serpentine rune of Zot
 34396 | Elf:1    | Entered Level 1 of the Elven Halls
 34415 | Elf:1    | Reached skill level 15 in Fighting
 34428 | Elf:1    | Reached skill level 11 in Evocations
 34432 | Elf:1    | Reached skill level 13 in Armour
 34829 | Elf:1    | Identified the Reference Book on the Entourage
 35012 | Elf:1    | Identified a +0 rod of clouds (10/10) (You found it on level 1 of the Elven Halls)
 35160 | Elf:2    | Found a runed gate.
 35161 | Elf:2    | Found a runed gate.
 35162 | Elf:2    | Found a runed gate.
 35322 | Elf:2    | Reached skill level 7 in Dodging
 36048 | Elf:2    | Noticed Wiglaf
 36084 | Elf:2    | Killed Wiglaf
 36557 | Elf:2    | Reached XP level 21. HP: 169/169 MP: 30/30
 36673 | Elf:3    | Entered Level 3 of the Elven Halls
 36673 | Elf:3    | Noticed 4thArraOfDagon's ghost (adept HOFi)
 36687 | Elf:3    | Killed 4thArraOfDagon's ghost
 36784 | Elf:3    | Noticed chonchonts's ghost (adept MiFi)
 36848 | Elf:3    | Killed chonchonts's ghost
 37348 | Elf:3    | HP: 36/170 [deep elf master archer/arrow (8)]
 37354 | Elf:3    | HP: 20/170 [deep elf blademaster/rapier (7)]
 37362 | Elf:3    | HP: 14/170 [hell beast[a deep elf demonologist] (12)]
 37370 | Elf:3    | HP: 30/170 [deep elf sorcerer/blast of hellfire (23)]
 37378 | Elf:3    | Reached skill level 8 in Dodging
 37380 | Elf:3    | HP: 23/170 [deep elf sorcerer/rapier (4)]
 37385 | Elf:3    | HP: 37/170 [blizzard demon/the air[a deep elf demonologist] (1)]
 37393 | Elf:3    | HP: 35/170 [hellion/burst of hellfire[a deep elf demonologist] (27)]
 37405 | Elf:3    | HP: 23/170 [???[a deep elf demonologist] (21)]
 37625 | Elf:3    | Upgraded the game from 0.18-a0-705-g580043c to 0.18-a0-721-g8fc53f4
 37684 | Elf:3    | Noticed Saint Roka
 38001 | Elf:3    | Killed Saint Roka
 38001 | Elf:3    | Reached skill level 14 in Armour
 38211 | Elf:3    | HP: 42/170 [soul eater/drain life[a deep elf sorcerer] (11)]
 38216 | Elf:3    | HP: 18/170 [soul eater/drain life[a deep elf sorcerer] (8)]
 38255 | Elf:3    | HP: 32/170 [deep elf blademaster/short sword of protection (14)]
 38257 | Elf:3    | Reached skill level 12 in Evocations
 38463 | Elf:2    | HP: 14/170 [deep elf annihilator/iron shot (36)]
 38683 | Elf:3    | Reached skill level 16 in Fighting
 38832 | Elf:3    | Cast into level 2 of the Abyss (deep elf death mage)
 39138 | Abyss:4  | HP: 28/171 [smoke demon/divine providence (17)]
 39159 | Abyss:4  | HP: 31/171 [tentacled starspawn (6)]
 39165 | Abyss:4  | HP: 11/171 [starcursed mass/accursed screaming (9)]
 39167 | Abyss:4  | HP: 3/171 [starcursed mass/accursed screaming (5)]
 39169 | Abyss:4  | Killed from afar by a starcursed mass

Vault maps used:
D:1:      saegor_arrival_simple_f, minmay_misc_feat_nine_boxes
D:3:      gammafunk_temple_overflow_statue, cheibrodos_gnoll_hut
D:4:      dk_yredelemnul_ordeal, uniq_blork_the_orc
D:5:      basic_altar, first_bread, uniq_menkaure, uniq_prince_ribbit1
D:7:      grunt_pakellas_salt, minmay_temple_entry_glass
D:8:      kennysheep_little_box, uniq_grum
D:9:      minmay_distorted_concentric_squares, nicolae_ru_sacrificial_ziggurat,
          minitemple, erik_orc_2
D:10:     lair_0_dummy, hangedman_pestilent_swarm, nicolae_benzene_ring
D:11:     serial_glass, glass_columns_b, glass_columns_c, item_on_display_a,
          eino_jars, kennysheep_windowed_goal
D:12:     enter_bailey_8, serial_shops, nicolae_shop_stone, uniq_maurice,
          uniq_maud
Temple:   circular_temple_12
Lair:1:   bh_autumn_forest_stairs
Lair:2:   st_stairs_10, guppyfry_lair_drakes, uniq_nergalle
Lair:3:   serial_bayou_pond_c, minmay_lair_oklob_bushes, lemuel_fruit_tree
Lair:4:   elwin_shoals_entry_stream, beast_lair_carwin_8, uniq_harold,
          uniq_josephine
Lair:5:   guppyfry_snake_entry_island, lemuel_fruit_fields
Lair:6:   lemuel_ratsnest, slime_altar_2
Lair:7:   beast_lair_carwin_3
Lair:8:   evilmike_catoblepas_cave, columned_hall_lemuel
Shoals:1: wheals_shoals_ruined_temple, uniq_louise
Shoals:2: serial_shops, shop_statue, uniq_polyphemus
Shoals:3: uniq_jorgrun
Shoals:4: shoals_end_hangedman, shoal_ilsuiw, serial_shops,
          nicolae_shop_competitors_out_of_business
Snake:1:  hangedman_snake_corridor_cut, uniq_aizul, uniq_asterion, uniq_rupert
Snake:2:  serial_shops, shop, grunt_megastairs_2
Snake:4:  grunt_snake_rune_pools, spider_trap, serial_bayou_shore_a
Orc:1:    serial_shops, shop, mines_bat_river, uniq_urug
Orc:2:    hangedman_minor_magic
Orc:3:    nicolae_orc_pool_cavern
Orc:4:    st_orc_town, elf_legates
Elf:1:    minmay_elf_demonology
Elf:2:    uniq_wiglaf
Elf:3:    grunt_elf_hall_diamonds, roderic_roman_lattice,
          small_chamber_with_monster, minivault_23, uniq_saint_roka
Abyss:2:  minivault_27
Abyss:4:  evilmike_abyss_exit_mutagenic
Bailey:   bailey_axe_4, bailey

Action                   |  1- 3 |  4- 6 |  7- 9 | 10-12 | 13-15 | 16-18 | 19-21 || total
-------------------------+-------+-------+-------+-------+-------+-------+-------++-------
Melee: War axe           |    76 |   188 |   443 |   239 |       |       |       ||   946
       Battleaxe         |       |       |       |   695 |   715 |       |       ||  1410
       Executioner's axe |       |       |       |       |   467 |  1233 |  1110 ||  2810
       Morningstar       |       |       |       |       |    48 |       |       ||    48
Throw: Tomahawk          |       |       |       |       |       |     6 |       ||     6
       Javelin           |       |       |       |       |       |     1 |       ||     1
 Cast: Repel Missiles    |       |       |       |       |       |    11 |     8 ||    19
Invok: Recite            |       |       |     5 |    19 |     6 |    45 |    27 ||   102
       Vitalisation      |       |       |     4 |    16 |    20 |    35 |    24 ||    99
       Sanctuary         |       |       |       |       |       |       |     1 ||     1
 Abil: Dig               |       |     2 |     4 |     1 |     3 |     1 |     2 ||    13
       Shaft Self        |       |       |     1 |       |       |       |       ||     1
       Stop Flying       |       |       |       |       |       |       |     1 ||     1
       Evoke Invisibilit |       |       |       |       |       |       |     1 ||     1
       Evoke Flight      |       |       |       |       |       |       |     1 ||     1
Evoke: Wand              |       |       |       |     2 |     8 |     2 |     7 ||    19
       Phial of floods   |       |       |       |     1 |     1 |     2 |     2 ||     6
       Lamp of fire      |       |       |       |       |     1 |     1 |     3 ||     5
       Sack of spiders   |       |       |       |       |       |     3 |     1 ||     4
       Fan of gales      |       |       |       |       |       |     1 |     1 ||     2
       Rod               |       |       |       |       |       |       |     3 ||     3
       Stone of tremors  |       |       |       |       |       |       |     1 ||     1
  Use: Scroll            |       |       |     9 |    10 |     8 |     6 |     5 ||    38
       Potion            |       |       |       |     3 |     8 |     5 |    11 ||    27
 Stab: Invisible         |       |       |       |     7 |       |     7 |    24 ||    38
       Paralysed         |       |       |       |     8 |     9 |    37 |       ||    54
       Confused          |       |       |       |     2 |     5 |    20 |    17 ||    44
       Petrified         |       |       |       |       |     3 |     3 |       ||     6
       Petrifying        |       |       |       |       |     1 |       |       ||     1
       Distracted        |       |       |       |       |       |     2 |       ||     2
  Eat: Chunk             |     1 |     4 |     6 |    21 |    33 |    10 |     7 ||    82
       Bread ration      |       |       |     1 |       |       |     1 |     1 ||     3
       Beef jerky        |       |       |       |       |       |     9 |     1 ||    10
       Royal jelly       |       |       |       |       |       |     4 |     7 ||    11
       Meat ration       |       |       |       |       |       |       |     1 ||     1
       Fruit             |       |       |       |       |       |       |     1 ||     1

Vault maps used:
D:1:      saegor_arrival_simple_f, minmay_misc_feat_nine_boxes
D:3:      gammafunk_temple_overflow_statue, cheibrodos_gnoll_hut
D:4:      dk_yredelemnul_ordeal, uniq_blork_the_orc
D:5:      basic_altar, first_bread, uniq_menkaure, uniq_prince_ribbit1
D:7:      grunt_pakellas_salt, minmay_temple_entry_glass
D:8:      kennysheep_little_box, uniq_grum
D:9:      minmay_distorted_concentric_squares, nicolae_ru_sacrificial_ziggurat,
          minitemple, erik_orc_2
D:10:     lair_0_dummy, hangedman_pestilent_swarm, nicolae_benzene_ring
D:11:     serial_glass, glass_columns_b, glass_columns_c, item_on_display_a,
          eino_jars, kennysheep_windowed_goal
D:12:     enter_bailey_8, serial_shops, nicolae_shop_stone, uniq_maurice,
          uniq_maud
Temple:   circular_temple_12
Lair:1:   bh_autumn_forest_stairs
Lair:2:   st_stairs_10, guppyfry_lair_drakes, uniq_nergalle
Lair:3:   serial_bayou_pond_c, minmay_lair_oklob_bushes, lemuel_fruit_tree
Lair:4:   elwin_shoals_entry_stream, beast_lair_carwin_8, uniq_harold,
          uniq_josephine
Lair:5:   guppyfry_snake_entry_island, lemuel_fruit_fields
Lair:6:   lemuel_ratsnest, slime_altar_2
Lair:7:   beast_lair_carwin_3
Lair:8:   evilmike_catoblepas_cave, columned_hall_lemuel
Shoals:1: wheals_shoals_ruined_temple, uniq_louise
Shoals:2: serial_shops, shop_statue, uniq_polyphemus
Shoals:3: uniq_jorgrun
Shoals:4: shoals_end_hangedman, shoal_ilsuiw, serial_shops,
          nicolae_shop_competitors_out_of_business
Snake:1:  hangedman_snake_corridor_cut, uniq_aizul, uniq_asterion, uniq_rupert
Snake:2:  serial_shops, shop, grunt_megastairs_2
Snake:4:  grunt_snake_rune_pools, spider_trap, serial_bayou_shore_a
Orc:1:    serial_shops, shop, mines_bat_river, uniq_urug
Orc:2:    hangedman_minor_magic
Orc:3:    nicolae_orc_pool_cavern
Orc:4:    st_orc_town, elf_legates
Elf:1:    minmay_elf_demonology
Elf:2:    uniq_wiglaf
Elf:3:    grunt_elf_hall_diamonds, roderic_roman_lattice,
          small_chamber_with_monster, minivault_23, uniq_saint_roka
Abyss:2:  minivault_27
Abyss:4:  evilmike_abyss_exit_mutagenic
Bailey:   bailey_axe_4, bailey

Table legend:
 A = Turns spent in this place as a percentage of turns spent in the entire game.
 B = Non-inter-level travel turns spent in this place as a percentage of non-inter-level travel turns spent in the entire game.
 C = Inter-level travel turns spent in this place as a percentage of turns spent in this place.
 D = Turns resting spent in this place as a percentage of non-inter-level travel turns spent in this place.
 E = Turns spent auto-exploring this place as a percentage of non-inter-level travel turns spent in this place.
 F = Non-inter-level travel turns spent in this place divided by the number of levels of this place that you've seen.
                   A       B       C       D       E      F
               +-------+-------+-------+-------+-------+----------------------
         Total | 100.0 | 100.0 |   0.6 |   1.7 |   9.5 | 343.2
       Dungeon |  29.2 |  29.2 |   0.6 |   0.9 |   9.9 | 333.6
        Temple |   0.2 |   0.2 |   0.0 |   0.0 |  18.5 |  27.0
          Lair |  18.3 |  18.2 |   1.0 |   0.9 |  10.3 | 313.0
        Shoals |  13.7 |  13.7 |   0.6 |   3.1 |   6.9 | 471.8
     Snake Pit |  13.1 |  13.2 |   0.3 |   3.6 |  10.2 | 452.5
  Orcish Mines |   9.5 |   9.5 |   0.7 |   0.2 |  14.1 | 325.2
   Elven Halls |  13.0 |  13.0 |   0.3 |   2.2 |   7.2 | 596.7
         Abyss |   1.4 |   1.4 |   0.0 |   0.0 |   3.0 |  65.7
        Bailey |   1.5 |   1.5 |   0.0 |   1.4 |   4.7 | 211.0
               +-------+-------+-------+-------+-------+----------------------

Table legend:
 A = Kills in this place as a percentage of kills in entire the game.
 B = Kills by you in this place as a percentage of kills by you in the entire game.
 C = Kills by friends in this place as a percentage of kills by friends in the entire game.
 D = Other kills in this place as a percentage of other kills in the entire game.
 E = Experience gained in this place as a percentage of experience gained in the entire game.
 F = Experience gained in this place divided by the number of levels of this place that you have seen.
                   A       B       C       D       E      F
               +-------+-------+-------+-------+-------+----------------------
         Total | 100.0 | 100.0 | 100.0 | 100.0 | 100.0 | 11906.8
       Dungeon |  23.4 |  24.0 |   0.0 |   0.0 |   5.2 | 2063.8
          Lair |  19.6 |  19.9 |  13.6 |   0.0 |  17.1 | 10169.1
        Shoals |   9.4 |   9.3 |  13.6 |   7.7 |  18.4 | 21923.5
     Snake Pit |  15.4 |  14.6 |  40.9 |  69.2 |  29.9 | 35651.0
  Orcish Mines |  20.2 |  20.6 |   0.0 |   7.7 |   5.7 | 6770.8
   Elven Halls |   8.9 |   8.7 |  31.8 |   0.0 |  19.9 | 31532.7
         Abyss |   1.4 |   1.4 |   0.0 |   0.0 |   3.5 | 5526.7
        Bailey |   1.7 |   1.6 |   0.0 |  15.4 |   0.3 | 1597.0
               +-------+-------+-------+-------+-------+----------------------
